 Dungeon Crawl Stone Soup version 0.30-a0-377-g5cb311bc9f (webtiles) character file.

Game seed: 2462215500832825138

2036 mopl the Sneak (level 9, -2/81 HPs)
             Began as an Octopode Summoner on Nov 28, 2022.
             Was an Initiate of Sif Muna.
             Slain by an iguana (13 damage)
             ... on level 6 of the Dungeon.
             The game lasted 00:08:23 (4435 turns).

mopl the Sneak (Octopode Summoner)                  Turns: 4435, Time: 00:08:24

Health: -2/81      AC:  1    Str:  8    XL:     9   Next: 24%
Magic:  12/16      EV: 14    Int: 21    God:    Sif Muna [......]
Gold:   212        SH:  0    Dex: 12    Spells: 5/18 levels left

rFire   + . .      SeeInvis .    a - +10 hammer of the Inferno {flame, +Blink rF+}
rCold   + . .      Faith    .    (no shield)
rNeg    . . .      Spirit   .    (helmet restricted)
rPois   .          Reflect  .    i - amulet of the acrobat
rElec   .          Harm     .    m - ring of willpower
rCorr   .          Rampage  .    p - ring of willpower
Will    ++...                    w - ring of protection from cold
Stlth   ..........               (no ring)
HPRegen 0.33/turn                (no ring)
MPRegen 0.15/turn                (no ring)
                                 (no ring)
                                 (no ring)

@: berserking, very quick
A: almost no armour, amphibious, 8 rings, camouflage 1, gelatinous body 1,
(nimble swimmer 1), tentacles
a: Renounce Religion, Evoke Blink


You were on level 6 of the Dungeon.
You worshipped Sif Muna.
Sif Muna was noncommittal.
You visited 2 branches of the dungeon, and saw 7 of its levels.

You collected 212 gold pieces.

Inventory:

Hand Weapons
 a - the +10 hammer of the Inferno (weapon) {flame, +Blink rF+}
   (You found it on level 3 of the Dungeon)

   It burns those it strikes, dealing additional fire damage.
   rF:        It protects you from fire.
   +Blink:    It lets you blink.
 b - a +0 short sword of venom
Missiles
 j - 18 poisoned darts
Magical Staves
 k - a staff of cold
Jewellery
 i - an amulet of the acrobat (around mantle)
 m - a ring of willpower (left tentacle)
 p - a ring of willpower (right tentacle)
 t - an amulet of guardian spirit
 w - a ring of protection from cold (on tentacle)
Wands
 s - a wand of flame (34)
 v - a wand of roots (25)
Scrolls
 c - a scroll of noise {unknown}
 g - 2 scrolls of immolation
 h - a scroll of acquirement {unknown}
 l - 2 scrolls of teleportation {unknown}
 n - a scroll of enchant weapon {unknown}
 o - a scroll of poison {unknown}
 x - a scroll of vulnerability {unknown}
 y - a scroll of blinking {unknown}
 z - a scroll of identify
 A - a scroll of magic mapping {unknown}
Potions
 d - 2 potions of haste
 e - 3 potions of berserk rage {!q}
 f - 6 potions of curing
 q - 4 potions of flight
 r - a potion of magic
 u - 2 potions of invisibility


   Skills:
 + Level 1.9 Fighting
 + Level 5.3 Dodging
 - Level 7.0 Stealth
 + Level 5.1 Spellcasting
 - Level 3.0 Hexes
 + Level 6.5 Summonings
 + Level 3.5 Air Magic
 + Level 1.9 Invocations
 + Level 2.0 Evocations


You had 5 spell levels left.
You knew the following spells:

 Your Spells              Type           Power      Damage    Failure   Level
a - Summon Small Mammal   Summ           100%       N/A       1%          1
b - Call Imp              Summ           32%        N/A       1%          2
c - Call Canine Familiar  Summ           32%        N/A       2%          3
f - Summon Lightning Spi  Summ/Air       26%        N/A       14%         4
g - Summon Guardian Gole  Hex/Summ       25%        N/A       4%          3

Your spell library contained the following spells:

 Spells                   Type           Power      Damage    Failure   Level
 Slow                     Hex            72%        N/A       3%          1
 Poisonous Vapours        Pois/Air       24%        N/A       8%          2
 Cigotuvi's Dreadful Rot  Necr/Pois/Air  20%        N/A       10%         2
 Confusing Touch          Hex            18%        N/A       10%         3
 Mephitic Cloud           Conj/Pois/Air  10%        N/A       21%         3
 Vampiric Draining        Necr           5%         2d6       32%         3


Dungeon Overview and Level Annotations

Branches:
Dungeon (6/15)             Temple (1/1) D:5

Altars:
Elyvilon
Fedhas
Gozag
Hepliaklqana
Sif Muna
Trog
Uskayaw
Wu Jian
Xom
Yredelemnul

Shops:
D:3 (   D:5 *


Innate Abilities, Weirdness & Mutations

You cannot wear most types of armour.
You are amphibious.
You can wear up to eight rings at the same time.
Your skin changes colour to match your surroundings (Stealth+).
Your rubbery body absorbs attacks. (AC +1, EV +1)
((You are camouflaged when in or above water. (Stealth+)))
You have tentacles for arms and can constrict up to eight enemies at once.


Message History

The orc priest hits you with a +0 dagger.
The iguana bites your hound!
Your hound dies!
Your hound's corpse disappears in a puff of smoke!
Casting: Call Canine Familiar (dangerous; 2% risk of failure)
Confirm with . or Enter, or press ? or * to list all spells.
The orc priest hits you but does no damage.
Unknown command.
Really quaff
e - 4 potions of berserk rage {!q}?
A red film seems to cover your vision as you go berserk!
You feel yourself moving faster!
You feel mighty!
Your hound bites the ice beast but does no damage.
The orc priest hits you with a +0 dagger.
The ice beast hits you. The ice beast freezes you. You resist.
Unknown command.
Unknown command.
You sock the ice beast!
You melt the ice beast!
The ice beast is severely wounded.
Your hound bites the ice beast.
A worm comes into view.
Your hound misses the ice beast. The ice beast hits your hound.
The ice beast freezes your hound! The iguana bites you!
* * * LOW HITPOINT WARNING * * *
The orc priest closely misses you.
You thump the ice beast!
You melt the ice beast.
You kill the ice beast!
Sif Muna accepts your kill.
Your hound closely misses the orc priest.
Your Evocations skill increases to level 2!
Unknown command.
You closely miss the orc priest. You grab the orc priest.
Your tentacle-slap misses the orc priest.
You squeeze the orc priest!
The orc priest is almost dead.
You hear the slow rusting of a drain nearby.
You constrict the orc priest, but do no damage.
The orc priest hits you with a +0 dagger.
* * * LOW HITPOINT WARNING * * *
The iguana bites you!
You die...

###.#..#.#.....##.....#.
...w#..#..............#.
#.....##......##.......
##.....##......##.......
.....<).#......####.....
#....#<#...|..# ###...
##....#.#......# ###.
......ol..###### ##
#....h.@### # #...#####
###


You could see a worm, an iguana, an orc priest (ally target) and a friendly
hound (summoned).

Vanquished Creatures
  Pikel (D:5)
  Sigmund (D:3)
  A nameless horror (D:5)
  2 ice beasts
  A black bear (D:3)
  An ogre (D:4)
  3 lemures
  2 phantoms (D:5)
  A kobold brigand (D:4)
  A scorpion (D:5)
  A necrophage (D:4)
  A howler monkey (D:3)
  A jelly (D:4)
  A hound (D:3)
  Crazy Yiuf (D:3)
  Ijyb (D:5)
  3 iguanas
  An orc wizard (D:5)
  Terence (D:2)
  9 adders
  A white imp (D:5)
  An ufetubus (D:6)
  3 worms
  3 dart slugs
  13 orcs
  10 endoplasms
  2 giant cockroaches (D:1)
  8 goblins
  5 hobgoblins
  2 jackals (D:4)
  4 quokkas
  4 ball pythons
  7 bats
  4 frilled lizards
  5 kobolds
  3 rats
109 creatures vanquished.

Vanquished Creatures (collateral kills)
  Eustachio (D:5)
  An ogre (D:5)
  A necrophage (D:5)
  A dart slug (D:5)
  3 orcs
  A goblin (D:2)
  A bat (D:2)
9 creatures vanquished.

Vanquished Creatures (others)
  A wizard (D:5)
  2 fungi (D:3)
  A plant (D:3)
4 creatures vanquished.

Grand Total: 122 creatures vanquished

Notes
Turn   | Place    | Note
-------+----------+-------------------------------------------
     0 | D:1      | mopl the Octopode Summoner began the quest for the Orb.
     0 | D:1      | Reached XP level 1. HP: 11/11 MP: 3/3
   196 | D:1      | Reached skill level 3 in Stealth
   287 | D:1      | Reached XP level 2. HP: 17/17 MP: 5/5
   295 | D:1      | Learned a level 2 spell: Call Imp
   504 | D:1      | Reached XP level 3. HP: 18/21 MP: 6/6
   508 | D:1      | Learned a level 3 spell: Call Canine Familiar
   731 | D:2      | Found a blossoming altar of Fedhas.
   758 | D:2      | Noticed Terence
   768 | D:2      | Killed Terence
   769 | D:2      | Reached XP level 4. HP: 9/27 MP: 3/7
  1064 | D:2      | Reached skill level 4 in Stealth
  1480 | D:3      | Reached skill level 3 in Dodging
  1480 | D:3      | Reached XP level 5. HP: 20/31 MP: 9/9
  1525 | D:3      | Learned a level 3 spell: Summon Guardian Golem
  1545 | D:3      | Found Puiff's Weapon Boutique.
  1700 | D:3      | Reached skill level 3 in Spellcasting
  1867 | D:3      | Noticed Sigmund
  1873 | D:3      | Killed Sigmund
  1874 | D:3      | Reached skill level 5 in Stealth
  1874 | D:3      | Reached skill level 1 in Hexes
  1874 | D:3      | Reached skill level 5 in Summonings
  1874 | D:3      | Reached XP level 6. HP: 23/36 MP: 9/11
  1899 | D:3      | Found a runed translucent door.
  1899 | D:3      | Identified the +10 hammer of the Inferno {flame, +Blink
                  | rF+}
  1925 | D:3      | Noticed Crazy Yiuf
  1931 | D:3      | Killed Crazy Yiuf
  2085 | D:3      | Found a faded altar of an unknown god.
  2242 | D:3      | Noticed a black bear
  2247 | D:3      | Killed a black bear
  2248 | D:3      | Reached skill level 2 in Hexes
  2248 | D:3      | Reached XP level 7. HP: 19/41 MP: 12/12
  2420 | D:3      | Found an ornate altar of the Wu Jian Council.
  2487 | D:3      | Learned a level 4 spell: Summon Lightning Spire
  2670 | D:4      | Reached skill level 4 in Dodging
  3045 | D:4      | Reached skill level 1 in Air Magic
  3070 | D:4      | Reached skill level 6 in Stealth
  3070 | D:4      | Reached skill level 4 in Spellcasting
  3320 | D:5      | Entered Level 5 of the Dungeon
  3337 | D:5      | Reached XP level 8. HP: 46/46 MP: 10/14
  3351 | D:5      | Found Zaehuq's Gadget Gallery.
  3365 | D:5      | Reached skill level 2 in Air Magic
  3370 | D:5      | Reached skill level 3 in Hexes
  3404 | D:5      | Noticed Eustachio
  3415 | D:5      | Killed Eustachio
  3416 | D:5      | Reached skill level 6 in Summonings
  3447 | D:5      | Found a basalt altar of Yredelemnul.
  3531 | D:5      | Reached skill level 7 in Stealth
  3533 | D:5      | Found an opulent altar of Gozag.
  3538 | D:5      | HP: 2/46 [poisoned by a scorpion]
  3755 | D:5      | Identified the +0 leather armour "Faaniema" {Dex+4}
  3769 | D:5      | Noticed Ijyb
  3782 | D:5      | Found a staircase to the Ecumenical Temple.
  3793 | D:5      | Noticed Pikel
  3801 | Temple   | Entered the Ecumenical Temple
  3868 | Temple   | Became a worshipper of Sif Muna the Loreminder
  3893 | D:5      | Noticed a nameless horror
  3898 | D:5      | Killed Pikel
  3898 | D:5      | Killed a nameless horror
  3899 | D:5      | Reached skill level 1 in Fighting
  3899 | D:5      | Reached skill level 5 in Dodging
  3899 | D:5      | Reached skill level 5 in Spellcasting
  3899 | D:5      | Reached skill level 3 in Air Magic
  3899 | D:5      | Reached skill level 1 in Invocations
  3899 | D:5      | Reached skill level 1 in Evocations
  3899 | D:5      | Reached XP level 9. HP: 12/54 MP: 0/16
  4091 | D:5      | Killed Ijyb
  4222 | D:5      | Found a bloodstained altar of Trog.
  4224 | D:5      | Noticed a wizard
  4230 | D:5      | Killed a wizard
  4435 | D:6      | Reached skill level 2 in Evocations
  4435 | D:6      | Slain by an iguana

Illustrated notes

Levels and vault maps discovered:
D:1:      dpeg_arrival_chambers_temple_mockup, layout_basic, minmay_fountain_box
D:2:      layout_basic, basic_altar, chequers_jeans, grunt_ministairs_10,
          uniq_terence
D:3:      layout_loops_ring, nzn_wu_jian_council_hall, serial_shops,
          nicolae_shop_waterfront, serial_rivers,
          chequers_serial_rivers_micro_b, chequers_serial_rivers_large_a,
          chequers_serial_rivers_micro_c, chequers_serial_rivers_marsh,
          chequers_serial_rivers_small_b, shapermc_ecumenical_altar_ellora,
          st_stairs_14, uniq_crazy_yiuf_cottage, uniq_sigmund
D:4:      minmay_wonky_spiral, layout_basic, chequers_serial_rivers_small_3
D:5:      layout_cave_pools, lemuel_doored_altar, old_standard_altar,
          trog_wizard, temple_statues, minmay_misc_feat_cross,
          nicolae_shop_gadgets, uniq_eustachio, uniq_pikel, uniq_ijyb
D:6:      kb_forest_paths, layout_basic, old_standard_altar,
          portal_sewer_entry_b
Temple:   zaba_magenta_temple

Skill      XL: |  1  2  3  4  5  6  7  8  9 |
---------------+----------------------------+-----
Stealth        | 3 4 5 6 7 |  7.0
Dodging        | 3 4 5 |  5.3
Spellcasting   | 3 4 5 |  5.1
Hexes          | 1 2 3 |  3.0
Summonings     | 5 6 |  6.5
Air Magic      | 1 3 |  3.5
Fighting       | 1 |  1.9
Invocations    | 1 |  1.9
Evocations     | 1 2 |  2.0

Action                   |  1- 3 |  4- 6 |  7- 9 || total
-------------------------+-------+-------+-------++-------
Melee: Unarmed           |    20 |       |       ||    20
       Tentacles         |    14 |    20 |    17 ||    51
       Constrict         |    11 |    20 |    18 ||    49
       Short sword       |    44 |    77 |       ||   121
       Punch             |     2 |     2 |     1 ||     5
       Mace              |       |    13 |    97 ||   110
 Cast: Call Canine Famil |     1 |       |     8 ||     9
       Summon Guardian G |       |       |     1 ||     1
       Call Imp          |       |       |     1 ||     1
Evoke: Wand              |       |       |     2 ||     2
  Use: Scroll            |       |     3 |     4 ||     7
       Potion            |       |     1 |     3 ||     4
 Stab: Sleeping          |     7 |    11 |    13 ||    31
Armor: Skin              |     9 |     3 |     7 ||    19
Dodge: Dodged            |    46 |    58 |    69 ||   173

Table legend: (Time is in decaauts)
 A = Elapsed time spent in this place.
 B = Non-inter-level travel time spent in this place.
 C = Inter-level travel time spent in this place.
 D = Time resting spent in this place.
 E = Time spent auto-exploring this place.
 F = Levels seen in this place.
 G = Mean time per level.
                   A        B        C        D        E       F      G
               +--------+--------+--------+--------+--------+-----+--------+
         Total |   4498 |   4407 |     91 |    851 |   2491 |   7 |  642.6 |
       Dungeon |   4413 |   4338 |     75 |    806 |   2491 |   6 |  735.5 |
        Temple |     85 |     69 |     16 |     45 |      0 |   1 |   85.0 |
               +--------+--------+--------+--------+--------+-----+--------+

Top non-repeatable levels by time:
     D:3: 1210 daAuts
     D:4: 878 daAuts
     D:5: 799 daAuts
     D:2: 774 daAuts
     D:1: 649 daAuts
     D:6: 100 daAuts
  Temple: 85 daAuts
